Map: Efflorescence LE

Players

Wiseguy - Winner!

  • Race: Zerg Zerg
  • Spawn Location: 6:00

Divus - Winner!

  • Race: Zerg Zerg
  • League: Diamond
  • Spawn Location: 9:00

qqq

  • Race: Protoss Protoss
  • Spawn Location: 12:00

Massa

  • Race: Terran Terran
  • League: Platinum
  • Spawn Location: 3:00

VOD

Have the link to the VOD?

Description

Time

  • Played on: Nov. 17, 2020, 2:36 p.m.
  • Length: 17:24
Show
View Real Time Build Order
Export as new Build Order

Wiseguy Zerg - Winner!

Build Orders: Pool First 

Get SALT Encoding   

  12  0:01  Drone  
  13  0:12  Drone  
  14  0:19  Overlord  
  14  0:37  Drone x3  
  17  0:48  Drone  
  18  1:04  Drone  
  18  1:10  Drone  
  20  1:13  Spawning Pool  
  19  1:21  Drone  
  20  1:26  Hatchery  
  20  1:32  Extractor  
  18  1:39  Overlord  
  18  2:01  Queen, Zergling x4  
  22  2:16  Drone x2  
  24  2:46  Extractor  
  24  2:47  Overlord x2  
  24  2:48  Drone x2  
  24  2:51  Spore Crawler  
  24  2:53  Queen x2  
  24  2:55  Drone  
  29  3:20  Drone  
  29  3:21  Drone x3  
  29  3:26  Drone x2  
  35  3:32  Spore Crawler  
  34  3:34  Lair  
  34  3:35  Metabolic Boost  
  34  3:41  Drone x2, Evolution Chamber x2  
  34  3:57  Baneling Nest  
  34  3:59  Drone x4  
  37  4:05  Zergling x4  
  39  4:10  Zergling x4  
  41  4:17  Zergling x2  
  41  4:18  Zergling x4  
  41  4:22  Zergling x2  
  45  4:28  Zergling x2  
  45  4:29  Zergling x2  
  47  4:41  Baneling x7  
  47  4:42  Zergling x2  
  47  4:43  Zergling x4  
  50  4:45  Zergling x2  
  50  4:46  Zergling x2  
  52  4:54  Overlord  
  49  5:10  Zergling x2  
  49  5:11  Zergling x8  
  48  5:17  Zergling x2  
  46  5:21  Drone  
  47  5:30  Zerg Melee Weapons Level 1, Zerg Ground Armor Level 1  
  46  5:44  Nydus Network  
  46  5:45  Extractor, Drone x5  
  49  5:55  Pneumatized Carapace  
  49  6:05  Overseer  
  49  6:07  Spore Crawler  
  48  6:16  Centrifical Hooks  
  48  6:18  Zergling x4  
  48  6:19  Zergling x8  
  53  6:32  Baneling x3  
  53  6:33  Baneling x2  
  53  6:40  Baneling x2  
  53  6:41  Baneling  
  53  6:42  Drone x4  
  57  6:47  Extractor  
  57  6:50  Nydus Canal  
  48  7:30  Zerg Melee Weapons Level 2  
  48  7:38  Nydus Canal  
  48  7:40  Zergling x18  
  48  7:43  Baneling  
  48  7:44  Baneling x3  
  57  7:45  Baneling x3  
  56  7:59  Zergling x2  
  54  8:16  Zerg Ground Armor Level 2  
  52  8:23  Overlord x4  
  52  9:04  Zergling x2  
  52  9:05  Zergling x20  
  63  9:10  Drone  
  63  9:16  Hatchery  
  63  9:34  Drone  
  63  9:35  Drone x3  
  67  9:38  Overlord x2  
  67  9:39  Drone  
  67  9:40  Drone x4  
  67  9:42  Queen x2  
  76  9:54  Infestation Pit  
  75  10:16  Baneling x6  
  75  10:17  Baneling x8  
  75  10:18  Baneling x2  
  75  10:20  Zergling x2  
  79  10:21  Zergling x20  
  84  10:41  Zergling x2  
  84  10:42  Zergling x14  
  80  11:14  Drone  
  80  11:15  Drone x12  
  93  11:19  Hive  
  93  11:21  Overlord  
  93  11:45  Zergling x2  
  93  11:46  Zergling x18  
  103  12:07  Extractor  
  102  12:09  Extractor  
  102  12:10  Baneling x4  
  102  12:11  Baneling x5  
  102  12:12  Overlord x3  
  102  12:13  Overlord x3  
  101  12:30  Spore Crawler  
  101  12:31  Spore Crawler  
  99  12:50  Ultralisk Cavern  
  98  13:00  Zerg Melee Weapons Level 3  
  98  13:01  Zerg Ground Armor Level 3  
  98  13:02  Adrenal Glands  
  98  13:06  Spawning Pool  
  97  13:26  Pathogen Glands  
  97  13:28  Burrow  
  94  13:51  Baneling x3  
  94  13:54  Chitinous Plating  
  94  13:55  Ultralisk x3  
  112  13:56  Ultralisk x3  
  112  13:57  Overlord x2  
  112  13:58  Overlord  
  130  14:22  Neural Parasite  
  130  14:30  Hatchery  
  95  15:01  Zergling x10  
  95  15:02  Zergling x30, Swarm Host  
  118  15:12  Anabolic Synthesis  
  88  15:30  Overseer x2  
  88  15:31  Overseer  
  88  15:32  Baneling x6  
  88  15:33  Baneling x2  
  88  15:34  Ultralisk x3  
  106  15:37  Drone x3  
  109  16:06  Queen x3  
  109  16:07  Queen  
  99  16:53  Zergling x2  
  99  16:54  Zergling x38  
Show
View Real Time Build Order
Export as new Build Order

Divus Zerg - Winner!

Build Orders: Hatch First 

Get SALT Encoding   

  12  0:01  Drone  
  13  0:12  Overlord  
  13  0:18  Drone  
  14  0:30  Drone x2  
  14  0:35  Drone  
  17  0:56  Hatchery  
  16  1:02  Drone  
  16  1:03  Drone  
  18  1:17  Extractor  
  17  1:20  Spawning Pool  
  17  1:21  Drone  
  17  1:23  Drone  
  18  1:39  Drone  
  19  1:44  Drone  
  20  1:55  Drone  
  20  2:00  Drone  
  22  2:11  Queen  
  22  2:12  Queen  
  26  2:18  Zergling x4  
  26  2:19  Metabolic Boost  
  28  2:32  Overlord  
  28  2:52  Drone x6  
  34  2:58  Hatchery  
  34  3:02  Lair  
  33  3:08  Drone  
  33  3:09  Drone  
  35  3:13  Extractor  
  35  3:16  Overlord  
  34  3:26  Overlord x2  
  34  3:37  Drone x2  
  36  3:58  Drone x2  
  36  3:59  Zergling x2  
  36  4:00  Zergling x10  
  44  4:04  Overlord  
  44  4:05  Spire  
  43  4:11  Zergling x8  
  43  4:16  Zergling x2  
  48  4:18  Zergling x2  
  48  4:21  Overlord  
  49  4:29  Zergling x2  
  49  4:30  Zergling x6  
  53  4:34  Zergling x4  
  51  4:39  Zergling x2  
  51  4:40  Zergling x2  
  51  4:45  Zergling x2  
  43  4:49  Zergling x4  
  36  5:10  Drone  
  33  5:24  Spawning Pool, Overlord x3  
  32  5:37  Spire  
  31  5:51  Overseer  
  31  5:55  Drone x3  
  31  5:56  Drone x3  
  38  5:57  Drone x3  
  38  5:59  Drone  
  38  6:00  Drone x4  
  45  6:12  Zergling x2  
  45  6:13  Zergling x10  
  45  6:16  Extractor  
  50  6:24  Extractor, Drone  
  50  6:25  Drone x3  
  53  6:26  Drone x2  
  53  6:27  Drone  
  53  6:29  Drone  
  57  6:33  Spore Crawler  
  57  6:37  Drone, Spore Crawler  
  56  6:42  Zergling x2  
  56  6:44  Zergling x6  
  60  6:48  Zergling x4  
  60  6:50  Zergling x2  
  63  7:00  Mutalisk  
  65  7:05  Overlord x2  
  65  7:23  Drone  
  65  7:24  Hydralisk Den  
  65  7:29  Queen  
  67  7:32  Drone  
  68  7:41  Drone x2  
  70  7:46  Evolution Chamber  
  70  7:47  Evolution Chamber  
  68  7:51  Queen  
  68  7:54  Queen  
  72  8:02  Hydralisk x5  
  72  8:05  Muscular Augments  
  82  8:07  Overlord x2  
  82  8:21  Drone, Spore Crawler  
  82  8:25  Overlord  
  82  8:26  Overlord x3  
  82  8:29  Zerg Missile Weapons Level 1  
  82  8:33  Zerg Ground Armor Level 1  
  82  8:45  Hydralisk x3  
  82  8:47  Hydralisk  
  90  8:49  Drone  
  90  8:51  Drone  
  90  8:52  Drone  
  94  8:55  Drone  
  94  8:56  Drone  
  95  9:03  Drone  
  95  9:04  Drone x4  
  100  9:16  Grooved Spines  
  100  9:32  Drone x7  
  100  9:33  Drone x8  
  100  9:35  Extractor  
  100  9:36  Hydralisk  
  100  9:37  Extractor  
  113  9:58  Hydralisk  
  113  9:59  Hydralisk x6  
  126  10:06  Hydralisk  
  122  10:07  Hydralisk x4  
  130  10:21  Overlord x2  
  130  10:22  Overlord x3  
  120  10:48  Hydralisk  
  120  10:49  Hydralisk x4  
  126  10:59  Hatchery  
  119  11:23  Hydralisk x6  
  127  11:45  Overseer x2  
  127  11:47  Drone  
  127  11:48  Drone x3  
  127  11:50  Zerg Missile Weapons Level 2  
  127  11:51  Zerg Ground Armor Level 2  
  131  12:00  Infestation Pit  
  130  12:01  Hydralisk  
  130  12:02  Hydralisk  
  134  12:13  Drone x3  
  137  12:18  Drone  
  137  12:19  Drone  
  139  12:37  Spore Crawler  
  139  12:40  Spore Crawler  
  139  12:42  Hydralisk x4, Spore Crawler  
  139  12:43  Spore Crawler  
  143  12:45  Spore Crawler x2  
  143  12:46  Spore Crawler  
  143  12:47  Pathogen Glands, Spore Crawler  
  143  12:49  Infestor  
  141  12:51  Infestor  
  143  13:05  Hydralisk  
  143  13:11  Extractor, Hatchery  
  143  13:15  Extractor  
  142  13:31  Infestor x4  
  142  13:32  Infestor x3  
  156  13:36  Hive  
  156  13:37  Hydralisk  
  158  13:54  Overseer x3  
  158  13:55  Hydralisk  
  158  13:56  Hydralisk  
  158  13:58  Overlord x3  
  124  14:53  Hydralisk x3  
  124  14:54  Hydralisk x16  
  124  14:56  Hydralisk  
  150  15:08  Hydralisk x4  
  150  15:09  Hydralisk  
  150  15:11  Hydralisk  
  152  15:28  Hydralisk  
  152  15:29  Hydralisk x6  
  152  15:31  Hydralisk  
  168  15:41  Infestor  
  170  15:51  Infestor  
  172  16:02  Infestor  
  174  16:09  Drone  
  174  16:10  Drone x3  
  178  16:13  Infestor  
  178  16:18  Zergling x6  
  183  16:19  Overlord x3  
  171  16:52  Hydralisk  
  171  16:53  Hydralisk x13  
Show
View Real Time Build Order
Export as new Build Order

qqq Protoss 

Build Orders: Carriers 

Get SALT Encoding   

  12  0:00  Probe  
  13  0:18  Probe, Pylon  
  14  0:31  Probe  
  15  0:42  Gateway  
  15  0:43  Probe (Chrono Boost)  
  16  0:55  Probe (Chrono Boost)  
  16  0:56  Assimilator  
  17  1:00  Probe (Chrono Boost), Assimilator  
  18  1:10  Probe  
  19  1:22  Probe  
  20  1:29  Cybernetics Core  
  20  1:34  Probe  
  20  1:38  Pylon  
  21  1:46  Probe  
  22  1:56  Gateway  
  22  1:58  Probe  
  23  2:07  Stalker  
  25  2:11  Probe  
  26  2:19  Robotics Facility  
  25  2:23  Probe  
  26  2:35  Probe  
  27  2:37  Adept  
  29  2:44  Stalker  
  29  2:50  Pylon x2  
  31  3:08  Stalker (Chrono Boost)  
  35  3:21  Immortal (Chrono Boost), Stalker (Chrono Boost)  
  39  3:34  Stalker (Chrono Boost)  
  41  3:44  Stalker  
  43  3:56  Observer (Chrono Boost)  
  43  3:58  Stalker  
  46  4:09  Pylon  
  46  4:11  Pylon  
  46  4:27  Immortal, Stalker  
  52  4:49  Stalker  
  54  4:57  Stalker  
  38  5:35  Nexus  
  36  5:38  Probe (Chrono Boost)  
  36  5:39  Stargate x2  
  36  5:42  Observer  
  38  5:49  Probe (Chrono Boost)  
  39  5:53  Probe (Chrono Boost)  
  40  6:04  Probe  
  41  6:16  Probe  
  42  6:29  Probe  
  42  6:30  Phoenix  
  45  6:41  Probe  
  45  6:42  Fleet Beacon  
  46  6:47  Assimilator  
  46  6:48  Probe (Chrono Boost)  
  46  6:51  Assimilator  
  46  6:54  Probe (Chrono Boost)  
  48  7:00  Probe (Chrono Boost)  
  49  7:03  Probe (Chrono Boost)  
  49  7:05  Probe (Chrono Boost)  
  49  7:06  Forge  
  49  7:07  Probe (Chrono Boost)  
  51  7:14  Probe  
  51  7:19  Probe  
  41  7:26  Probe  
  40  7:31  Probe  
  40  7:34  Carrier  
  47  7:39  Probe (Chrono Boost)  
  47  7:43  Probe (Chrono Boost)  
  50  7:55  Probe (Chrono Boost)  
  50  7:56  Probe (Chrono Boost)  
  51  8:00  Probe (Chrono Boost)  
  51  8:02  Probe  
  53  8:10  Probe  
  54  8:14  Probe  
  55  8:25  Pylon  
  55  8:27  Probe x2, Pylon  
  57  8:39  Probe  
  57  8:45  Carrier  
  63  8:51  Probe  
  63  8:52  Void Ray  
  68  9:03  Probe  
  68  9:06  Nexus  
  69  9:15  Probe  
  70  9:22  Pylon  
  70  9:25  Pylon  
  70  9:28  Probe  
  69  9:35  Carrier  
  75  9:40  Probe  
  75  9:45  Photon Cannon  
  76  9:49  Carrier  
  74  10:40  Carrier (Chrono Boost)  
  76  10:50  Carrier (Chrono Boost)  
  82  10:58  Photon Cannon, Shield Battery  
  82  11:01  Shield Battery  
  73  11:37  Carrier (Chrono Boost)  
  79  11:47  Carrier  
  79  11:50  Pylon  
  79  11:54  Pylon  
  85  11:55  Nexus  
  85  12:15  Photon Cannon  
  85  12:21  Photon Cannon  
  85  12:26  Shield Battery  
  85  12:29  Shield Battery  
  85  12:38  Carrier  
  91  12:52  Carrier  
  91  12:58  Protoss Air Weapons Level 1  
  97  13:10  Mothership (Chrono Boost)  
  105  13:26  Stargate  
  104  13:30  Probe (Chrono Boost)  
  104  13:31  Photon Cannon  
  105  13:36  Photon Cannon, Void Ray  
  105  13:42  Probe (Chrono Boost)  
  110  13:52  Probe (Chrono Boost), Observer  
  112  13:56  Carrier  
  112  14:02  Probe (Chrono Boost)  
  119  14:08  Probe  
  120  14:19  Assimilator  
  120  14:20  Probe  
  120  14:22  Assimilator  
  121  14:33  Probe  
  122  14:45  Probe  
  123  14:57  Probe  
  123  14:59  Tempest  
  120  15:06  Protoss Air Armor Level 1  
  102  15:54  Nexus  
  102  15:57  Pylon  
  102  16:01  Pylon  
  102  16:19  Carrier  
Show
View Real Time Build Order
Export as new Build Order

Massa Terran 

Build Orders:  

Get SALT Encoding   

  12  0:00  SCV  
  13  0:12  SCV  
  14  0:18  Supply Depot  
  14  0:24  SCV  
  15  0:40  SCV  
  16  0:48  Barracks  
  16  0:52  SCV  
  17  0:58  Supply Depot  
  18  1:04  SCV  
  18  1:07  Supply Depot  
  18  1:16  SCV  
  19  1:26  Barracks  
  19  1:28  SCV  
  20  1:32  Refinery  
  20  1:39  Marine  
  21  1:43  Barracks  
  21  1:52  Orbital Command  
  21  1:57  Marine  
  22  2:15  Marine  
  23  2:16  Barracks Tech Lab  
  23  2:29  Marine  
  23  2:33  Marine  
  27  2:38  Marine  
  26  2:47  Marine  
  26  2:51  Marine  
  28  2:52  Stimpack  
  28  2:56  Command Center  
  29  3:03  Marauder  
  29  3:05  Marine  
  31  3:08  Marine  
  32  3:22  Supply Depot  
  32  3:23  Marine  
  32  3:25  Marauder  
  32  3:26  Marine  
  36  3:28  Supply Depot  
  36  3:34  Supply Depot  
  36  3:41  Marine  
  37  3:44  Marine  
  37  3:46  Marauder  
  40  3:58  Marine  
  40  3:59  Engineering Bay  
  40  4:02  SCV  
  42  4:07  Marauder  
  44  4:11  Marine  
  44  4:13  Orbital Command  
  44  4:48  Marine  
  44  4:49  Marauder, Marine  
  48  5:06  Marine  
  32  5:08  Marine  
  32  5:10  Marauder  
  33  5:16  SCV x2  
  33  5:19  Combat Shield  
  35  5:24  Marine  
  37  5:28  SCV x2  
  37  5:30  Factory  
  37  5:31  Marauder  
  37  5:35  Barracks Reactor  
  40  5:40  SCV  
  40  5:42  Marine, Missile Turret  
  42  5:44  Refinery, SCV  
  43  5:52  SCV, Missile Turret  
  43  5:53  Marauder, Supply Depot  
  43  5:56  Supply Depot  
  46  6:00  Marine  
  46  6:03  SCV  
  48  6:05  SCV  
  49  6:14  Marauder  
  49  6:15  Factory Tech Lab, SCV  
  52  6:18  Marine  
  53  6:26  Marine x2  
  55  6:34  Refinery  
  55  6:35  Refinery  
  55  6:36  Marauder, Marine  
  55  6:37  Barracks  
  55  6:38  Concussive Shells  
  58  6:42  Siege Tank  
  58  6:44  Marine x2  
  63  6:51  SCV x2  
  65  6:54  Marine  
  65  6:57  Marauder  
  68  7:02  Marine x2  
  68  7:03  SCV x2  
  65  7:33  Siege Tank  
  65  7:34  Marauder, Marine x2  
  73  7:37  Barracks Tech Lab  
  73  7:43  Barracks Reactor  
  72  7:51  Barracks Tech Lab  
  72  7:52  Marine x2  
  72  7:53  SCV x2  
  72  7:56  Marauder  
  78  8:05  SCV x2  
  78  8:10  Marine  
  80  8:17  SCV, Marauder  
  77  8:26  Starport  
  77  8:31  Sensor Tower  
  77  8:37  SCV x2  
  77  8:39  Marauder, Missile Turret  
  81  8:44  Command Center  
  81  8:49  SCV x2  
  83  8:56  Marine x2  
  83  8:57  Marauder x2  
  83  9:00  Marauder  
  83  9:01  SCV  
  92  9:10  Supply Depot  
  92  9:13  Supply Depot  
  92  9:14  Marine  
  93  9:19  Supply Depot  
  93  9:21  Starport Reactor  
  93  9:32  Marauder x2, Siege Tank  
  93  9:34  Marauder, Marine x2  
  104  9:52  Marine  
  105  9:53  Marauder  
  107  10:04  Siege Tank  
  110  10:10  Medivac x2  
  107  10:40  Medivac  
  63  10:43  Marauder x3, Marine  
  63  10:44  Marine  
  63  10:46  Siege Tank  
  66  10:54  SCV x2  
  68  11:01  Marine x2  
  70  11:04  Marauder x2  
  70  11:05  Marauder  
  70  11:06  SCV x2  
  70  11:08  Planetary Fortress  
  76  11:18  SCV x2, Siege Tank  
  79  11:22  Marine x2  
  83  11:26  Marauder x3  
  83  11:30  SCV  
  90  11:37  Factory x2  
  90  11:40  Marine x2  
  90  11:45  Missile Turret  
  92  11:47  Marauder x3  
  92  11:49  Missile Turret  
  92  11:51  Sensor Tower  
  98  11:56  Supply Depot  
  98  11:58  SCV x3  
  98  11:59  Marine x2  
  103  12:08  Marauder, Marine  
  103  12:09  Marauder  
  103  12:10  SCV x3  
  103  12:15  Medivac x2  
  115  12:16  Terran Infantry Weapons Level 1  
  115  12:17  Marine x2  
  115  12:21  Armory  
  115  12:22  Factory Reactor x2  
  117  12:27  Marauder  
  117  12:29  Marine  
  121  12:30  Marauder  
  121  12:31  Command Center  
  122  12:38  Refinery  
  122  12:41  Refinery  
  122  12:45  Viking, Medivac  
  122  12:47  Marine x2  
  122  12:48  Marauder, Marine  
  133  12:51  Marauder  
  133  12:52  Siege Tank  
  136  13:03  Widow Mine x2  
  136  13:05  Marine  
  141  13:11  Supply Depot x2  
  141  13:12  Supply Depot  
  141  13:13  Supply Depot  
  141  13:15  Drilling Claws  
  141  13:33  Widow Mine x3, Marauder x3, Marine, Siege Tank  
  155  13:53  Marine x2  
  155  13:54  Marauder x3  
  163  13:57  Widow Mine x3  
  163  13:58  Widow Mine  
  171  14:05  Siege Tank  
  171  14:09  Barracks  
  174  14:11  Barracks x2, Marine x2  
  174  14:16  Marauder  
  178  14:32  Marauder x2, Marine x2  
  178  14:34  Smart Servos  
  178  14:35  Widow Mine x2  
  188  14:46  Widow Mine  
  188  14:48  Siege Tank  
  188  14:50  Marine  
  188  14:51  Widow Mine  
  188  14:52  Marauder  
  183  14:54  Marauder x2  
  183  14:56  Widow Mine  
  183  14:59  Widow Mine  
  140  15:00  Marine  
  120  15:07  Widow Mine  
  120  15:08  Marine  
  120  15:13  Marauder  
  125  15:15  Barracks Reactor, Barracks Tech Lab, Marauder x2  
  125  15:16  Barracks Tech Lab  
  125  15:18  Marine  
  125  15:20  Siege Tank  
  133  15:26  Marine  
  126  15:35  Marauder  
  128  15:36  Marauder x2  
  132  15:48  Marauder x2, Marine x2  
  138  15:52  Siege Tank  
  138  15:56  Marauder  
  143  15:58  Marauder x2  
  143  16:02  SCV x3  
  150  16:09  Marauder x2  
  154  16:14  SCV x3  
  154  16:18  Marauder  
  159  16:19  Marauder x2  
  163  16:26  SCV x3  
  163  16:30  Marauder  
  163  16:31  Marauder  
  170  16:39  Marauder  
  129  16:41  Marauder x2, Marine x2  
  127  16:52  Marauder x2  
  124  16:59  SCV x2  
  124  17:00  Marauder  
  122  17:02  Marauder x2  
Tags
 
Add a new tag
Caveats
  • Supply blocks, unpowered buildings, or Contaminate may cause inaccurate times.
  • Supply counts are checked every 10 seconds.